 Dungeon Crawl Stone Soup version 0.23.2-33-g5129a83184 (webtiles) character file.

Game seed: 3981418910422732742

3441 psyvane the Magician (level 10, 0/77 HPs)
             Began as a Gnoll Skald on July 20, 2019.
             Was a Follower of Okawaru.
             Slain by a gnoll
             ... wielding a +1 spear of freezing
              (3 damage)
             ... on level 8 of the Dungeon.
             The game lasted 00:28:35 (8032 turns).

psyvane the Magician (Gnoll Skald)                  Turns: 8032, Time: 00:28:36

Health: 0/77       AC:  3    Str: 16    XL:     10   Next: 5%
Magic:  8/20       EV: 16    Int: 20    God:    Okawaru [*.....]
Gold:   82         SH:  0    Dex: 16    Spells: 12/23 levels left

rFire    . . .     SeeInvis .   B - +5 war axe "Ogreslayer" {freeze, rN+}
rCold    . . .     Gourm    .   (no shield)
rNeg     + . .     Faith    .   b - +0 leather armour
rPois    .         Spirit   .   (no helmet)
rElec    .         Reflect  .   (no cloak)
rCorr    .         Harm     .   (no gloves)
MR       .....                  (no boots)
Stlth    +++.......             q - amulet of regeneration
HPRegen  0.62/turn              h - +5 ring of intelligence
MPRegen  0.17/turn              (no ring)

@: infused, hasted, very quick
A: distributed training, fangs 1, strong nose
a: Heroism, Renounce Religion


You were on level 8 of the Dungeon.
You worshipped Okawaru.
Okawaru was aware of your devotion.
You were not hungry.

You visited 2 branches of the dungeon, and saw 9 of its levels.
You also visited: Sewer.

You collected 446 gold pieces.
You spent 364 gold pieces at shops.

Inventory:

Hand Weapons
 a - a +1 hand axe
 B - the +5 war axe "Ogreslayer" (weapon) {freeze, rN+}
   (You found it on level 6 of the Dungeon)

   It has been specially enchanted to freeze those struck by it, causing extra
   injury to most foes and up to half again as much damage against particularly
   susceptible opponents.
   It can also slow down cold-blooded creatures.
   It protects you from negative energy.
 L - a +3 hand crossbow of flaming
Missiles
 n - a throwing net (quivered)
 I - 3 tomahawks
 K - 24 bolts
Armour
 b - a +0 leather armour (worn)
 p - a +0 shield
 C - a +0 cloak
Jewellery
 h - a +5 ring of intelligence (left hand)
 q - an amulet of regeneration (around neck)
 s - an uncursed amulet of magic regeneration
Wands
 y - a wand of scattershot (2)
 A - a wand of paralysis (13)
 D - a wand of digging (6)
 J - a wand of flame (23)
Scrolls
 f - 5 scrolls of remove curse
 g - a scroll of random uselessness {unknown}
 l - 3 scrolls of teleportation {unknown}
 m - a scroll of magic mapping {unknown}
 o - a scroll of identify
 v - a scroll of fog {unknown}
 w - a scroll of immolation {unknown}
 x - 2 scrolls of blinking {unknown}
 E - a scroll of fear {unknown}
 F - a scroll of noise {unknown}
 G - a scroll of enchant armour {unknown}
 M - a scroll of amnesia {unknown}
Potions
 c - a potion of degeneration
 e - 2 potions of brilliance
 i - 4 potions of curing
 j - 3 potions of berserk rage
 k - a potion of ambrosia {unknown}
 t - a potion of cancellation {unknown}
 u - a potion of magic {unknown}
 z - a potion of mutation {unknown}
Comestibles
 d - 20 rations
 H - 19 chunks of flesh


   Skills:
 + Level 6.7 Fighting
 + Level 4.8 Short Blades
 + Level 4.8 Long Blades
 + Level 6.7 Axes
 + Level 4.8 Maces & Flails
 + Level 4.8 Polearms
 + Level 4.8 Staves
 + Level 4.8 Slings
 + Level 4.8 Bows
 + Level 4.8 Crossbows
 + Level 4.8 Throwing
 + Level 5.5 Armour
 + Level 6.7 Dodging
 + Level 4.8 Stealth
 + Level 4.8 Shields
 + Level 4.8 Unarmed Combat
 + Level 7.0 Spellcasting
 + Level 3.9 Conjurations
 + Level 3.9 Hexes
 + Level 6.8 Charms
 + Level 3.9 Summonings
 + Level 3.9 Necromancy
 + Level 3.9 Translocations
 + Level 3.9 Transmutations
 + Level 3.9 Fire Magic
 + Level 3.9 Ice Magic
 + Level 3.9 Air Magic
 + Level 3.9 Earth Magic
 + Level 3.9 Poison Magic
 + Level 5.2 Invocations
 + Level 4.8 Evocations


You had 12 spell levels left.
You knew the following spells:

 Your Spells              Type           Power        Failure   Level  Hunger
a - Infusion              Chrm           ####         1%          1    None
b - Shroud of Golubria    Chrm/Tloc      ####......   1%          2    None
c - Song of Slaying       Chrm           ####....     1%          2    None
d - Regeneration          Chrm/Necr      ####......   3%          3    #......
e - Spectral Weapon       Hex/Chrm       ####....     3%          3    #......

Your spell library contained the following spells:

 Spells                   Type           Power        Failure   Level  Hunger
 Summon Small Mammal      Summ           ###.         2%          1    None
 Call Imp                 Summ           ###.....     3%          2    None
 Call Canine Familiar     Summ           ###.....     7%          3    #......
 Summon Guardian Golem    Hex/Summ       ###.....     7%          3    #......
 Summon Ice Beast         Ice/Summ       ###.....     22%         4    ###....
 Summon Lightning Spire   Summ/Air       ###.....     22%         4    ###....


Dungeon Overview and Level Annotations

Branches:
Dungeon (8/15)             Temple (1/1) D:4
   Lair: D:8-11

Altars:
Ashenzari
Cheibriados
Dithmenos
Elyvilon
Fedhas
Gozag
Hepliaklqana
Kikubaaqudgha
Makhleb
Nemelex Xobeh
Okawaru
Qazlal
Ru
Sif Muna
Trog
Uskayaw
Vehumet
Wu Jian
Xom
Yredelemnul
Zin
The Shining One

Shops:
D:6 (


Innate Abilities, Weirdness & Mutations

Your experience applies equally to all skills.
You have very sharp teeth.
Your uncanny sense of smell can sniff out nearby items.


Message History

a +0 halberd; a gnoll corpse
Casting: Shroud of Golubria (safe; 1% risk of failure)
Confirm with . or Enter, or press ? or * to list all spells.
You begin infusing your attacks with magical energy.
The gnoll misses you.
You hit the gnoll! You freeze the gnoll.
The gnoll is almost dead.
The gnoll hits you with a +0 club.
* * * LOW HITPOINT WARNING * * *
You slash the gnoll! You freeze the gnoll.
You kill the gnoll!
Okawaru accepts your kill.
The gnoll hits you from afar with a +1 spear of freezing.
* * * LOW HITPOINT WARNING * * *
The gnoll freezes you.
* * * LOW HITPOINT WARNING * * *
The gnoll hits you with a +1 spear of freezing.
* * * LOW HITPOINT WARNING * * *
The gnoll freezes you.
You die...

#..>. ###... ..... #####
.... ....# #....
#.#.###†### #...# #....
#..g.g..g.# #...# #....
....###)#.# #...######....
# #.#.# #...##........
#.#.######...##.###...)
#####.#...@)..)).##.# #....
#........g##.....##.###....
#......##.##<#).......+....
#......+...#.#.......##....
#......##.............+....
#......'...).........##....
#......#.#.###.......##....
#..............#+##########
#.######.#.#####.# #


You could see a gnoll.

Vanquished Creatures
  Grinder (D:3)
  Sigmund (D:2)
  A spriggan (D:7)
  A hungry ghost (D:7)
  Menkaure (D:5)
  A water moccasin (D:8)
  An orc warrior (D:6)
  An ice beast (D:6)
  A black bear (D:7)
  3 ogres
  2 centaurs
  7 bullfrogs
  A gnoll sergeant (D:8)
  2 scorpions
  A howler monkey (D:6)
  A crimson imp (D:5)
  A jelly (D:7)
  6 orc priests
  6 hounds
  A bullfrog skeleton (D:6)
  2 centaur skeletons (D:7)
  4 orc wizards
  6 worker ants
  An iguana (D:6)
  2 hound skeletons
  A howler monkey zombie (D:7)
  5 gnolls
  12 adders
  2 river rats (D:6)
  A shadow imp (D:5)
  16 oozes
  An adder zombie (D:7)
  An adder skeleton (D:4)
  3 worms
  3 dart slugs
  7 leopard geckos
  27 orcs
  8 bats
  8 giant cockroaches
  11 goblins
  9 hobgoblins
  3 jackals
  5 quokkas
  14 ball pythons
  21 frilled lizards
  A jackal skeleton (D:5)
  6 kobolds
  A leopard gecko skeleton (D:4)
  9 rats
230 creatures vanquished.

Notes
Turn   | Place    | Note
-------+----------+-------------------------------------------
     0 | D:1      | psyvane the Gnoll Skald began the quest for the Orb.
     0 | D:1      | Reached XP level 1. HP: 20/20 MP: 6/6
   137 | D:1      | Reached XP level 2. HP: 21/26 MP: 4/7
   141 | D:1      | Learned a level 2 spell: Shroud of Golubria
   144 | D:1      | Learned a level 2 spell: Song of Slaying
   847 | D:2      | Found a stormy altar of Qazlal.
   851 | D:2      | Reached XP level 3. HP: 31/31 MP: 6/9
   901 | D:2      | Reached skill level 5 in Spellcasting
  1046 | D:2      | Learned a level 3 spell: Regeneration
  1050 | D:2      | Learned a level 3 spell: Spectral Weapon
  1077 | D:2      | Found a hide-covered altar of Uskayaw.
  1129 | D:2      | Reached skill level 1 in Invocations
  1211 | D:2      | Found a glowing silver altar of Zin.
  1379 | D:2      | Noticed Sigmund
  1402 | D:1      | Reached skill level 1 in Short Blades
  1402 | D:1      | Reached skill level 1 in Long Blades
  1402 | D:1      | Reached skill level 1 in Maces & Flails
  1402 | D:1      | Reached skill level 1 in Polearms
  1402 | D:1      | Reached skill level 1 in Staves
  1402 | D:1      | Reached skill level 1 in Slings
  1402 | D:1      | Reached skill level 1 in Bows
  1402 | D:1      | Reached skill level 1 in Crossbows
  1402 | D:1      | Reached skill level 1 in Throwing
  1402 | D:1      | Reached skill level 1 in Stealth
  1402 | D:1      | Reached skill level 1 in Shields
  1402 | D:1      | Reached skill level 1 in Unarmed Combat
  1402 | D:1      | Reached skill level 1 in Evocations
  1402 | D:1      | Reached XP level 4. HP: 15/38 MP: 3/11
  1635 | D:1      | You fall through a shaft!
  1712 | D:2      | Killed Sigmund
  1712 | D:2      | Reached skill level 1 in Conjurations
  1712 | D:2      | Reached skill level 1 in Hexes
  1712 | D:2      | Reached skill level 1 in Summonings
  1712 | D:2      | Reached skill level 1 in Necromancy
  1712 | D:2      | Reached skill level 1 in Translocations
  1712 | D:2      | Reached skill level 1 in Transmutations
  1712 | D:2      | Reached skill level 1 in Fire Magic
  1712 | D:2      | Reached skill level 1 in Ice Magic
  1712 | D:2      | Reached skill level 1 in Air Magic
  1712 | D:2      | Reached skill level 1 in Earth Magic
  1712 | D:2      | Reached skill level 1 in Poison Magic
  1712 | D:2      | Reached XP level 5. HP: 29/43 MP: 6/12
  2093 | D:3      | Reached XP level 6. HP: 50/50 MP: 8/13
  2413 | D:3      | Reached skill level 5 in Fighting
  2413 | D:3      | Reached skill level 5 in Axes
  2413 | D:3      | Reached skill level 5 in Dodging
  3187 | D:3      | Noticed Grinder
  3195 | D:3      | Paralysed by Grinder for 2 turns
  3204 | D:3      | Paralysed by Grinder for 6 turns
  3213 | D:3      | Killed Grinder
  3213 | D:3      | Reached XP level 7. HP: 16/56 MP: 8/15
  3929 | D:4      | Found a white marble altar of Elyvilon.
  3931 | D:4      | Found a sacrificial altar of Ru.
  4241 | D:4      | Found a staircase to the Ecumenical Temple.
  4465 | Temple   | Entered the Ecumenical Temple
  4895 | D:5      | Entered Level 5 of the Dungeon
  5001 | D:5      | Reached XP level 8. HP: 30/63 MP: 6/16
  5462 | D:5      | Noticed Menkaure
  5483 | D:5      | Killed Menkaure
  5597 | D:5      | Reached skill level 6 in Spellcasting
  6021 | D:6      | Got a bloodstained war axe
  6022 | D:6      | Identified the +5 war axe "Ogreslayer" {freeze, rN+} (You
                  | found it on level 6 of the Dungeon)
  6226 | D:6      | Found a glowing drain.
  6231 | Sewer    | Entered a sewer
  6261 | Sewer    | Reached XP level 9. HP: 69/69 MP: 18/18
  6676 | D:6      | Found a sparkling altar of Nemelex Xobeh.
  6747 | D:6      | Found a glowing golden altar of the Shining One.
  6749 | D:6      | Found an ancient bone altar of Kikubaaqudgha.
  6751 | D:6      | Found a shimmering altar of Xom.
  6991 | D:6      | Found Ryguguh's Weapon Emporium.
  6997 | D:6      | Bought 24 bolts for 62 gold pieces
  6997 | D:6      | Bought a +3 hand crossbow of flaming for 302 gold pieces
  7074 | D:6      | Found a bloodstained altar of Trog.
  7075 | D:6      | Found an iron altar of Okawaru.
  7085 | D:6      | Became a worshipper of Warmaster Okawaru
  7371 | D:7      | Reached skill level 5 in Armour
  7401 | D:7      | Found a blossoming altar of Fedhas.
  7631 | D:7      | Reached * piety under Okawaru
  7802 | D:8      | Reached skill level 5 in Invocations
  7984 | D:8      | Reached skill level 7 in Spellcasting
  7984 | D:8      | Reached XP level 10. HP: 73/77 MP: 15/20
  8032 | D:8      | HP: 3/77 [gnoll/+1 spear of freezing (6)]
  8032 | D:8      | Slain by a gnoll

Skill      XL: |  1  2  3  4  5  6  7  8  9 |
---------------+----------------------------+-----
Spellcasting   | 5 6 7 |  7.0
Invocations    | 1 2 3 4 5 |  5.2
Short Blades   | 1 2 3 4 |  4.8
Long Blades    | 1 2 3 4 |  4.8
Maces & Flails | 1 2 3 4 |  4.8
Polearms       | 1 2 3 4 |  4.8
Staves         | 1 2 3 4 |  4.8
Slings         | 1 2 3 4 |  4.8
Bows           | 1 2 3 4 |  4.8
Crossbows      | 1 2 3 4 |  4.8
Throwing       | 1 2 3 4 |  4.8
Stealth        | 1 2 3 4 |  4.8
Shields        | 1 2 3 4 |  4.8
Unarmed Combat | 1 2 3 4 |  4.8
Evocations     | 1 2 3 4 |  4.8
Armour         | 3 4 5 |  5.5
Conjurations   | 1 2 3 |  3.9
Hexes          | 1 2 3 |  3.9
Summonings     | 1 2 3 |  3.9
Necromancy     | 1 2 3 |  3.9
Translocations | 1 2 3 |  3.9
Transmutations | 1 2 3 |  3.9
Fire Magic     | 1 2 3 |  3.9
Ice Magic      | 1 2 3 |  3.9
Air Magic      | 1 2 3 |  3.9
Earth Magic    | 1 2 3 |  3.9
Poison Magic   | 1 2 3 |  3.9
Fighting       | 5 6 |  6.7
Axes           | 5 6 |  6.7
Dodging        | 5 6 |  6.7
Charms         | 6 |  6.8

Action                   |  1- 3 |  4- 6 |  7- 9 | 10-12 || total
-------------------------+-------+-------+-------+-------++-------
Melee: Hand axe          |    73 |   112 |   170 |       ||   355
       Bite              |     7 |     9 |    34 |     1 ||    51
       Punch             |       |       |     6 |       ||     6
       War axe           |       |       |   210 |    16 ||   226
 Cast: Infusion          |    20 |    11 |    25 |     1 ||    57
       Shroud of Golubri |     3 |     5 |    12 |     1 ||    21
       Song of Slaying   |       |     1 |    13 |     1 ||    15
Evoke: Wand              |       |       |     1 |       ||     1
  Use: Scroll            |     2 |       |     5 |       ||     7
       Potion            |       |     3 |     4 |     1 ||     8
 Stab: Sleeping          |     1 |       |    12 |       ||    13
       Distracted        |       |       |     1 |       ||     1
  Eat: Chunk             |     1 |     6 |    14 |       ||    21
       Ration            |       |       |     1 |       ||     1
Armor: Leather armour    |    13 |    27 |    59 |       ||    99
Dodge: Dodged            |    60 |    70 |   324 |    19 ||   473
